AoeStats
← anguraca

Scandinavia

510426780Analyzed
1v1 RM · 2d ago on Oct 1, 2026· 57m 48s· 2 players
Game mode
Random Map
Map size
Tiny (2 player)
Population
200
Speed
Normal
Resources
Standard
Victory
Conquest
Starting age
Dark Age
Ending age
Imperial Age
RankedLock teamsTeams togetherTeam positionsShared explorationLock speedFull tech treeHidden civsTurbo modeCheats
Victory
Defeat
🇦🇷 Italians · Argentina
1340
+15
🇨🇴 Lithuanians · Colombia
1326
-15
anguraca
6:55 Loom
9:18 Feudal Age
10:02 Double-Bit Axe
11:24 Wheelbarrow
13:08 Arson
16:49 Fletching
18:02 Forging
19:49 Horse Collar
23:30 Castle Age
22:09 Scale Mail Armor
22:10 Padded Archer Armor
23:34 Scale Barding Armor
24:29 Medium Warships
33:58 Imperial Age
34:38 Imperial Age
33:09 Chain Barding Armor
35:09 Bloodlines
34:19 Light Cavalry
37:37 Elite Skirmisher
46:54 Chemistry
46:14 Bodkin Arrow
48:40 Redemption
48:46 Block Printing
52:36 Leather Archer Armor
57:26 Plate Barding Armor
56:52 Bracer
56:59 Winged Hussar
58:37 Ring Archer Armor
Ds3.War Machine
10:44 Feudal Age
10:13 Loom
11:27 Double-Bit Axe
16:13 Castle Age
22:06 Crossbowman
31:48 Gold Mining
33:00 Redemption
34:56 Fletching
38:01 Imperial Age
38:59 Bodkin Arrow
39:42 Conscription
39:48 Ballistics
41:08 Bracer
42:46 Chemistry
42:38 Bow Saw
42:33 Arbalester
44:03 Thumb Ring
44:24 Stone Mining
50:26 Bloodlines
50:30 Padded Archer Armor
51:00 Elite Genoese Crossbowman
52:30 Light Cavalry
53:42 Hussar
Connection lost

Rejoining the realm…

Still unreachable

The connection could not be restored.

Session expired

The server has moved on; the page needs a fresh start.